Description

Marine Tank

Build Order

Get SALT Encoding   

  14  0:18  Supply Depot  
  15  0:28  Refinery  
  16  0:51  Barracks  
  20  1:31  Command Center  
  20  1:41  Orbital Command  
  20  1:38  Supply Depot  
  22  1:56  Factory  
  22  1:58  Marine  
  24  2:17  Orbital Command  
  24  2:18  Barracks Tech Lab  
  24  2:24  Barracks  
  24  2:41  Barracks Reactor  
  24  2:47  Siege Tank  
  29  2:48  Refinery  Only 1
  29  2:51  Supply Depot  
  33  3:12  Barracks  
  36  3:22  Siege Tank  
  39  3:23  Refinery  Full
  39  3:25  Supply Depot  
  51  3:54  Siege Tank  
  54  4:00  Supply Depot x2, Barracks Tech Lab  Full all existing gas
  61  4:18  Stimpack  
  64  4:27  Siege Tank  
  77  4:59  Siege Tank  
  85  5:31  Siege Tank  
  92  5:37  Command Center  
  92  5:38  Engineering Bay  
  92  5:42  Engineering Bay  
  96  6:03  Siege Tank  
  100  6:07  Terran Infantry Armor Level 1, Terran Infantry Weapons Level 1  
  103  6:15  Starport x2  
  105  6:25  Combat Shield  
  105  6:29  Barracks Reactor  
  106  6:30  Refinery  full
Spawning Tool Build Advisor. Get it on Overwolf

Go to:

Details

  • Created by: thegreencat88
  • Published on: Jun 24, 2020
  • Modified on: Jun 24, 2020
  • Patch: 4.11.0
  • Difficulty: Medium
Show
View Real Time Build Order
Export as new Build Order

Comments (0)

There are no comments. Be the first!

Create an account to comment!